 Dungeon Crawl Stone Soup version 0.25.1-2-g60ff931df9 (webtiles) character file.

Game seed: 3811496144000719865

17 Almogavar the Ruffian (level 2, 0/23 HPs)
             Began as a Draconian Transmuter on Sept 5, 2020.
             Slain by a leopard gecko (2 damage)
             ... on level 1 of the Dungeon.
             The game lasted 00:02:51 (724 turns).

Almogavar the Ruffian (Draconian Transmuter)         Turns: 724, Time: 00:02:52

Health: 0/23       AC:  4    Str: 12    XL:     2   Next: 44%
Magic:  5/5        EV: 12    Int: 13    God:
Gold:   13         SH:  0    Dex: 11    Spells: 4/5 levels left

rFire    . . .     SeeInvis .   d - +0 whip
rCold    . . .     Gourm    .   (no shield)
rNeg     . . .     Faith    .   (armour unavailable)
rPois    .         Spirit   .   (helmet restricted)
rElec    .         Reflect  .   (no cloak)
rCorr    .         Harm     .   (no gloves)
MR       .....                  (no boots)
Stlth    +.........             h - amulet of regeneration
HPRegen  0.47/turn              (no ring)
MPRegen  0.09/turn              (no ring)

@: no status effects
A: unfitting armour, cold-blooded, AC +4
a: no special abilities


You were on level 1 of the Dungeon.
You were not hungry.

You visited 1 branch of the dungeon, and saw 1 of its levels.

You collected 13 gold pieces.

Inventory:

Hand Weapons
 d - a +0 whip (weapon)
Missiles
 a - 12 arrows
Jewellery
 h - an amulet of regeneration (around neck)
 i - a cursed +6 ring of strength {unknown}
Scrolls
 e - a scroll of magic mapping {unknown}
 g - a scroll of teleportation {unknown}
Potions
 b - a potion of magic {unknown}
 j - a potion of curing {unknown}
Comestibles
 c - 3 rations
 f - 2 chunks of flesh


   Skills:
 + Level 1.1 Fighting
 + Level 0.4 Maces & Flails
 + Level 1.9 Dodging
 + Level 3.4 Unarmed Combat
 + Level 2.1 Spellcasting
 + Level 2.1 Transmutations


You had 4 spell levels left.
You knew the following spells:

 Your Spells              Type           Power        Failure   Level  Hunger
a - Beastly Appendage     Tmut           #.....       11%         1    ##.....

Your spell library contained the following spells:

 Spells                   Type           Power        Failure   Level  Hunger
 Sticks to Snakes         Tmut           #.......     16%         2    ###....
 Spider Form              Tmut/Pois      #.........   43%         3    ####...
 Ice Form                 Ice/Tmut       #.......     85%         4    #####..
 Blade Hands              Tmut           #.........   96%         5    ######.


Dungeon Overview and Level Annotations

Branches:
Dungeon (1/15)

Altars:


Innate Abilities, Weirdness & Mutations

Your plain brown scales are hard. (AC +4)
You cannot fit into any form of body armour.
You are cold-blooded and may be slowed by cold attacks.


Message History

The leopard gecko hisses menacingly.
The leopard gecko barely misses you. The hobgoblin hits you with a +0 club.
The leopard gecko closely misses you. The hobgoblin hits you with a +0 club.
The leopard gecko misses you. The leopard gecko barely misses you.
The hobgoblin hits you with a +0 club. The leopard gecko closely misses you.
The hobgoblin hits you but does no damage.
The leopard gecko misses you. The hobgoblin hits you with a +0 club.
The leopard gecko barely misses you. The leopard gecko misses you.
The hobgoblin completely misses you. The leopard gecko closely misses you.
The hobgoblin hits you but does no damage.
The leopard gecko bites you but does no damage.
The hobgoblin hits you but does no damage.
The leopard gecko bites you. The hobgoblin hits you with a +0 club.
* * * LOW HITPOINT WARNING * * *
The leopard gecko bites you.
* * * LOW HITPOINT WARNING * * *
The leopard gecko bites you.
You die...

######## #......#
##### #......# #...#
#......## #...#
#.......# ##)..#
#lg..#
.....###########@#####
.....................#
..#######.#######.##.#
..#.....#.......#.#
..#.###.#.#####.#.#
..#.#.#.#.#..[..#.#
..#.#...#.#.#####..
###.#####.#(#...#.#
###.......#.#.#.#


You could see a leopard gecko and a hobgoblin.

Vanquished Creatures
  A ball python (D:1)
  2 bats (D:1)
  4 goblins (D:1)
  A hobgoblin (D:1)
  4 jackals (D:1)
  A kobold (D:1)
  A rat (D:1)
14 creatures vanquished.

Notes
Turn   | Place    | Note
-------+----------+-------------------------------------------
     0 | D:1      | Almogavar the Draconian Transmuter began the quest for the
                  | Orb.
     0 | D:1      | Reached XP level 1. HP: 16/16 MP: 3/3
    91 | D:1      | Reached XP level 2. HP: 9/23 MP: 3/5
    95 | D:1      | HP: 1/23 [jackal (2)]
   103 | D:1      | HP: 1/23 [bat (1)]
   723 | D:1      | HP: 1/23 [leopard gecko (4)]
   724 | D:1      | Slain by a leopard gecko

Illustrated notes

Levels and vault maps discovered:
D:1:      matt_arrival_spirals, layout_basic

Action                   || total
-------------------------++-------
Melee: Whip              ||    39
       Unarmed           ||     4
       Kick              ||     3
       Tailslap          ||     2
 Cast: Beastly Appendage ||     5
Armor: Skin              ||    68
Dodge: Dodged            ||   107
